 Dungeon Crawl Stone Soup version 0.31-a0-675-g238779eb0a (webtiles) character file.

Game seed: 17564134817887671907

92 Xavori the Slasher (level 4, 0/35 HPs)
             Began as a Demonspawn Chaos Knight on Sept 5, 2023.
             Was a Plaything of Xom.
             Slain by Pikel
             ... wielding a +0 whip of electrocution
              (9 damage)
             ... on level 4 of the Dungeon.
             The game lasted 00:01:25 (2068 turns).

Xavori the Slasher (Demonspawn Chaos Knight)        Turns: 2068, Time: 00:01:26

Health: 0/35       AC:  5    Str: 12    XL:     4   Next: 35%
Magic:  0/0        EV: 11    Int: 19    God:    Xom [......]
Gold:   104        SH:  0    Dex: 13    Spells: 4/4 levels left

rFire   + . .        a - +0 falchion (chaos)
rCold   x . .        (no shield)
rNeg    . . .        b - +2 leather armour
rPois   +            (no helmet)
rElec   .            g - scarf {+Inv}
rCorr   +            (no gloves)
SInv    .            (no boots)
Will    .....        (no amulet)
Stlth   +            h - ring "Otwolin" {Fire rPois rCorr MP-9 Int+2}
HPRegen 0.25/turn    (no ring)
MPRegen 0.14/turn

%: no passive effects
@: no status effects
A: powered by death 1, magic regeneration, clever 1
a: Renounce Religion, Evoke Invisibility


You were on level 4 of the Dungeon.
You worshipped Xom.
You were a very special plaything of Xom.
You visited 1 branch of the dungeon, and saw 4 of its levels.

You collected 104 gold pieces.

Inventory:

Hand Weapons
 a - a +0 falchion of chaos (weapon)
Armour
 b - a +2 leather armour (worn)
 g - a scarf of invisibility (worn)
Jewellery
 h - the ring "Otwolin" (left hand) {Fire rPois rCorr MP-9 Int+2}
   (You found it on level 2 of the Dungeon)

   [ring of fire]

   Fire:      It enhances your fire magic.
   Int+2:     It affects your intelligence (+2).
   rF+:       It protects you from fire.
   rC-:       It makes you vulnerable to cold.
   rPois:     It protects you from poison MP-9: It affects your magic capacity
   (-9).
   rCorr:     It protects you from acid and corrosion.
Scrolls
 c - a scroll of butterflies
 d - 4 scrolls of identify {unknown}
 e - a scroll of amnesia {unknown}
 f - a scroll of vulnerability {unknown}
 k - a scroll of immolation {unknown}
Potions
 i - a potion of cancellation {unknown}
 j - a potion of ambrosia {unknown}
 l - a potion of curing {unknown}


   Skills:
 + Level 3.3 Fighting
 + Level 3.7 Long Blades
 + Level 2.2 Armour
 + Level 1.7 Dodging
 - Level 0.5 Stealth
 * Level 0.7 Spellcasting


You had 4 spell levels left.
You didn't know any spells.
Your spell library contained the following spells:

 Spells                   Type           Power      Damage    Failure   Level
 Magic Dart               Conj           0%         1d3       24%         1
 Searing Ray              Conj           0%         2d4       36%         2
 Fulminant Prism          Conj/Hex       0%         3d5       94%         4


Dungeon Overview and Level Annotations

Branches:
Dungeon (3/15)

Altars:

Annotations:
D:4 Pikel


Innate Abilities, Weirdness & Mutations

You regenerate a little health from kills.
You regenerate magic rapidly.
Your mind is acute. (Int +4, Str/Dex -1)


Message History

No target in view!
A sourceless malevolence fills the Dungeon...
You fall into a shaft and drop 1 floor!
The shaft crumbles and collapses.
You hear the sound of rushing water.
There is an entrance to a sewer on this level.
Hurry and find it before the portal rusts away!
Unknown command.
You open the door.
A ball python comes into view.
The ball python hisses angrily.
You hear a shout! x2
A lemure comes into view.
You hear a shout! x2
Found 14 gold pieces.
There are monsters nearby!
A lemure comes into view.
The lemure shouts!
Pikel, Merchant of Souls comes into view.
He is wielding a +0 whip of electrocution.
There is an open door here.
You barely miss the lemure. The lemure hits you but does no damage.
You closely miss the lemure. The lemure hits you!
A lemure comes into view. x2
You hit the lemure. You freeze the lemure.
The lemure is moderately wounded.
You barely miss Pikel. You closely miss Pikel. Pikel closely misses you.
You closely miss Pikel.
Pikel hits you with a +0 whip of electrocution.
You barely miss Pikel. Pikel barely misses you.
You miss Pikel. Your punch misses Pikel.
Pikel hits you with a +0 whip of electrocution.
You barely miss Pikel.
Pikel hits you with a +0 whip of electrocution! x2
* * * LOW HITPOINT WARNING * * *
You barely miss Pikel. Pikel barely misses you.
Unknown command.
You barely miss Pikel.
Pikel hits you with a +0 whip of electrocution!
You die...
Pikel says, "See you in Hell!"
Xom guffaws!

..... .
#... . ....
.# #...#.
#..#. .S5
#K# ##@##
##...##
##.....##
#.......#
#.........#
+.........+
#.........#
##.......##
##.....##


You could see Pikel, a lemure and a ball python.

Vanquished Creatures
  4 adders (D:2)
  A gnoll (D:1)
  A worm (D:2)
  A dart slug (D:1)
  An orc (D:2)
  4 endoplasms
  A giant cockroach (D:2)
  A goblin (D:2)
  A hobgoblin (D:1)
  5 jackals (D:1)
  4 kobolds
  2 ball pythons (D:2)
  5 bats
  3 frilled lizards
  7 rats
41 creatures vanquished.

Notes
Turn   | Place    | Note
-------+----------+-------------------------------------------
     0 | D:1      | Xavori the Demonspawn Chaos Knight began the quest for the
                  | Orb.
     0 | D:1      | Reached XP level 1. HP: 18/18 MP: 1/1
    63 | D:1      | Reached skill level 1 in Dodging
    63 | D:1      | Gained mutation: You regenerate magic rapidly. [demonic
                  | ancestry]
    63 | D:1      | Reached XP level 2. HP: 14/24 MP: 2/2
   112 | D:1      | XOM: 3-stop teleportation journey
   311 | D:1      | XOM: silly message
   793 | D:1      | Gained mutation: You regenerate a little health from kills.
                  | [demonic ancestry]
   793 | D:1      | Reached XP level 3. HP: 29/29 MP: 3/3
  1103 | D:2      | XOM: summons 1 hostile shadow creature
  1227 | D:2      | Identified the ring "Otwolin" {Fire rPois rCorr MP-9 Int+2}
  1269 | D:2      | XOM: swap monsters
  1448 | D:2      | XOM: 6-stop teleportation journey
  1449 | D:2      | Reached XP level 4. HP: 33/35 MP: 4/4
  1560 | D:2      | XOM: 3-stop teleportation journey
  1762 | D:2      | XOM: 4-stop teleportation journey
  1862 | D:2      | XOM: give mutations
  1862 | D:2      | Gained mutation: You have supernaturally acute eyesight.
                  | (SInv) [Xom's mischief]
  1862 | D:2      | Gained mutation: Your mind is acute. (Int +4, Str/Dex -1)
                  | [Xom's mischief]
  1862 | D:2      | Lost mutation: You have supernaturally acute eyesight.
                  | (SInv) [Xom's mischief]
  2053 | D:3      | You fall into a shaft and drop 1 floor!
  2056 | D:4      | Noticed a lemure
  2057 | D:4      | Noticed a lemure
  2057 | D:4      | Noticed Pikel
  2059 | D:4      | Noticed a lemure
  2059 | D:4      | Noticed a lemure
  2068 | D:4      | Slain by Pikel

Illustrated notes

Levels and vault maps discovered:
D:1:      eino_arrival_cavern_b, layout_basic, minmay_cut_off
D:2:      layout_loops_corners, minmay_misc_feat_four_crosses,
          kennysheep_another_room, minmay_misc_feat_doors
D:3:      layout_loops_ring, gammafunk_ghost_stat_death, serial_rivers,
          chequers_serial_rivers_micro_d, chequers_serial_rivers_micro_e,
          chequers_serial_rivers_micro_e, chequers_serial_rivers_room_a,
          chequers_serial_rivers_micro_a, nrook_mini_backslash
D:4:      layout_loops_corners, nicolae_overflow_two_pavilions,
          portal_sewer_entry_b, uniq_eustachio, uniq_pikel

Skill      XL: |  1  2 |
---------------+-------+-----
Armour         | 2 |  2.2
Dodging        | 1 |  1.7
Long Blades    | 3 |  3.7
Fighting       | |  3.3
Stealth        | |  0.5
Spellcasting   | |  0.7

Action                     |  1- 3 |  4- 6 || total
---------------------------+-------+-------++-------
  Melee: Falchion          |   104 |    30 ||   134
   Stab: Paralysed         |     2 |       ||     2
         Petrified         |     2 |       ||     2
         Sleeping          |     1 |       ||     1
 Armour: Leather armour    |    90 |    17 ||   107
  Dodge: Dodged            |    90 |     8 ||    98

Table legend: (Time is in decaauts)
 A = Elapsed time spent in this place.
 B = Non-inter-level travel time spent in this place.
 C = Inter-level travel time spent in this place.
 D = Time resting spent in this place.
 E = Time spent auto-exploring this place.
 F = Levels seen in this place.
 G = Mean time per level.
                   A        B        C        D        E       F      G
               +--------+--------+--------+--------+--------+-----+--------+
         Total |   2086 |   2020 |     66 |      0 |   1699 |   4 |  521.5 |
       Dungeon |   2086 |   2020 |     66 |      0 |   1699 |   4 |  521.5 |
               +--------+--------+--------+--------+--------+-----+--------+

Top non-repeatable levels by time:
     D:2: 1117 daAuts
     D:1: 950 daAuts
     D:4: 15 daAuts
     D:3: 1 daAuts
